 Dungeon Crawl Stone Soup version 0.31-a0-799-g6bc09d010c (console) character file.

Game seed: 4429721170086708891

78533 petzl the Thaumaturge (level 16, -7/123 (178) HPs)
             Began as a Formicid Delver on Sept 19, 2023.
             Was a High Priest of Vehumet.
             Mangled by a +5 glaive of venom (19 damage)
             ... on level 3 of the Elven Halls on Sept 20, 2023.
             The game lasted 02:32:49 (19939 turns).

petzl the Thaumaturge (Formicid Delver)            Turns: 19939, Time: 02:32:49

HP:   -7/123 (178)  AC: 35    Str: 18    XL:     16   Next: 8%
MP:   30/32         EV:  2    Int: 17    God:    Vehumet [*****.]
Gold: 210           SH:  0    Dex: 15    Spells: 8/40 levels left

rFire   + . .        d - +5 woodcutter's axe {!f =f}
rCold   + . .        (no shield)
rNeg    . . .        Z - melded +1 robe {rC+ rF+}
rPois   +            (helmet unavailable)
rElec   +            j - melded +2 cloak {Will+}
rCorr   +            e - melded +0 pair of gloves
SInv    .            k - melded +2 pair of boots "Hej Ato" {Regen+ MP-9 Dex+7 Stlth+}
Will    ++...        x - amulet of magic regeneration
Stlth   ++++         T - ring "Romij" {Wiz Will+}
HPRegen 0.40/turn    R - +5 ring of evasion
MPRegen 0.63/turn

%: wizardry (x1)
@: ice-armoured, tree-form, resistant, studying Spellcasting, very heavily
drained
A: stationary, stasis, torment immunity, boosted hp, permanent stasis, dig
shafts and tunnels, (antennae 3), four strong arms
a: Renounce Religion


You were on level 3 of the Elven Halls.
You worshipped Vehumet.
Vehumet was extremely pleased with you.
You were a tree.
You visited 5 branches of the dungeon, and saw 25 of its levels.
You also visited: Gauntlet.

You collected 2278 gold pieces.
You spent 2068 gold pieces at shops.

Inventory:

Hand Weapons
 a - a +3 longbow of flaming
 b - the +6 shillelagh "Devastator" {shatter}
   (You found it on level 9 of the Dungeon)
 c - the +8 frozen axe "Frostbite" {freeze, freezing cloud, *Noise Fly rC+, !f =f}
   (You acquired it on level 3 of the Dungeon)

   rC+:       It protects you from cold.
   Fly:       It grants you flight.
   *Noise:    It may make a loud noise when swung.
 d - the +5 woodcutter's axe (weapon) {!f =f}
   (You took it off a gnoll on level 6 of the Dungeon)
 n - the +8 trident "Worm" {spect, Will+}
   (You found it on level 12 of the Dungeon)

   Will+:     It increases your willpower.
 S - a +0 demon whip of venom
 V - a +2 flail of protection
Missiles
 l - 4 curare-tipped darts (quivered)
 t - 11 silver javelins
Armour
 e - a +0 pair of gloves (melded)
 j - a +2 cloak of willpower (melded)
 k - the +2 pair of boots "Hej Ato" (melded) {Regen+ MP-9 Dex+7 Stlth+}
   (You acquired it on level 3 of the Dungeon)

   Dex+7:     It affects your dexterity (+7).
   MP-9:      It affects your magic capacity (-9).
   Regen+:    It increases your rate of health regeneration.
   Stlth+:    It makes you more stealthy.
 s - a +1 scale mail of cold resistance
 Z - a +1 robe of resistance (melded)
Magical Staves
 m - a staff of air
Jewellery
 x - an amulet of magic regeneration (around neck)
 R - a +5 ring of evasion (right branch)
 T - the ring "Romij" (left branch) {Wiz Will+}
   (You bought it in a shop on level 7 of the Dungeon)

   [ring of wizardry]

   Wiz:       It improves your spell success rate.
   Will+:     It increases your willpower.
 X - a ring of fire
Wands
 f - a wand of digging (1)
 g - a wand of roots (11)
 z - a wand of flame (41)
 A - a wand of mindburst (24)
 B - a wand of polymorph (6)
 C - a wand of light (4)
 L - a wand of paralysis (11)
Scrolls
 o - a scroll of silence
 r - a scroll of fog
 y - 3 scrolls of poison
 F - a scroll of fear
 H - 5 scrolls of identify
 J - 2 scrolls of torment
 O - 4 scrolls of revelation
Potions
 h - a potion of curing
 i - 3 potions of lignification
 p - a potion of mutation
 u - 3 potions of enlightenment
 v - 3 potions of ambrosia
 w - 5 potions of magic
 D - 2 potions of brilliance
 I - a potion of resistance
Miscellaneous
 E - a lightning rod (3/4)
 U - a phantom mirror (inert)


   Skills:
 + Level 8.9 Fighting
 - Level 6.1(7.6) Axes
 - Level 6.8(8.0) Maces & Flails
 - Level 5.0 Ranged Weapons
 + Level 6.8 Armour
 + Level 5.7 Dodging
 + Level 8.9 Stealth
 + Level 9.1 Shields
 + Level 12.8 Spellcasting
 * Level 9.6 Conjurations
 * Level 10.3 Translocations
 + Level 3.0 Transmutations
 + Level 2.7 Fire Magic
 + Level 6.3 Ice Magic
 + Level 6.1 Air Magic
 - Level 6.0 Poison Magic
 - Level 2.0 Evocations


You had 8 spell levels left.
You knew the following spells:

 Your Spells              Type           Power      Damage    Failure   Level
b - Iskenderun's Mystic   Conj/Tloc      44%        2d10      1%          4
c - Fireball              Conj/Fire      15%        3d8       1%          5
l - Freezing Cloud        Conj/Ice/Air   18%        6-21      1%          5
m - Mephitic Cloud        Conj/Pois/Air  35%        N/A       1%          3
p - Passage of Golubria   Tloc           46%        N/A       1%          4
q - Magic Dart            Conj           100%       1d8       1%          1
s - Sticky Flame          Conj/Fire      31%        2d5       1%          4
A - Ozocubu's Armour      Ice            32%        N/A       1%          3
I - Ignite Poison         Fire/Tmut/Pois 24%        N/A       1%          3

Your spell library contained the following spells:

 Spells                   Type           Power      Damage    Failure   Level
 Iskenderun's Battlesphe  Conj           43%        2d9       1%          5
 Freeze                   Ice            100%       1d10      1%          1
 Cigotuvi's Dreadful Rot  Necr/Pois/Air  48%        N/A       1%          2
 Ensorcelled Hibernation  Hex/Ice        42%        N/A       1%          2
 Scorch                   Fire           40%        2d6       1%          2
 Frozen Ramparts          Ice            64%        1d10      1%          3
 Gell's Gravitas          Tloc           46%        N/A       1%          3
 Hailstorm                Conj/Ice       38%        3d9       1%          3
 Teleport Other           Tloc           46%        N/A       1%          3
 Volatile Blastmotes      Fire/Tloc      66%        2d15      1%          3
 Fulminant Prism          Conj/Hex       13%        3d8       1%          4
 Manifold Assault         Tloc           46%        N/A       1%          4
 Necrotise                Necr           40%        1d6       2%          1
 Dimensional Bullseye     Hex/Tloc       14%        N/A       3%          4
 Call Imp                 Summ           20%        N/A       4%          2
 Dispersal                Tloc           23%        N/A       6%          6
 Call Canine Familiar     Summ           10%        N/A       8%          3
 Sigil of Binding         Hex            10%        N/A       8%          3
 Starburst                Conj/Fire      15%        6d6       9%          6
 Metabolic Englaciation   Hex/Ice        10%        N/A       19%         5
 Silence                  Hex/Air        10%        N/A       21%         5
 Anguish                  Hex/Necr       5%         N/A       26%         4
 Animate Dead             Necr           10%        N/A       26%         4
 Leda's Liquefaction      Hex/Erth       5%         N/A       26%         4
 Borgnjor's Vile Clutch   Necr/Erth      5%         N/A       54%         5
 Simulacrum               Ice/Necr       10%        N/A       69%         6
 Death Channel            Necr           5%         N/A       98%         6
 Lehudib's Crystal Spear  Conj/Erth      13%        10d5      98%         8
 Infestation              Necr           5%         N/A       100%        8
 Blink                    Tloc           Unusable   N/A       N/A         2

Dungeon Overview and Level Annotations

Branches:
Dungeon (14/15)            Temple (1/1) D:7            Lair (5/5) D:10
  Swamp (0/4) Lair:2        Snake (0/4) Lair:2        Slime (0/5) Lair:5
    Orc (2/2) D:12            Elf (1/3) Orc:2        Vaults (0/5) D:13
Gauntlet (visited)

Altars:
Ashenzari
Cheibriados
Dithmenos
Elyvilon
Fedhas
Gozag
Hepliaklqana
Kikubaaqudgha
Makhleb
Nemelex Xobeh
Okawaru
Qazlal
Ru
Sif Muna
Trog
Uskayaw
Vehumet
Wu Jian
Xom
Yredelemnul
Zin
The Shining One

Shops:
D:3 *   D:7 =   Orc:2 :!(!

Annotations:
D:12 Jorgrun
Elf:1 3 runed translucent doors


Innate Abilities, Weirdness & Mutations

You are a tree.
Your roots penetrate the ground, keeping you stationary.
You cannot be teleported.
You are immune to unholy pain and torment.
Your maximum health is greatly increased.
Your equipment is partially melded.
You cannot be hasted, slowed, berserked, paralysed or teleported.
You can dig through walls and to a lower floor.
((You have a pair of large antennae on your head. (SInv)))
Your four strong arms can wield two-handed weapons with a shield.


Message History

* * * LOW HITPOINT WARNING * * *
Unknown command.
Unknown command.
Okay, then.
Okay, then.
Casting: Ozocubu's Armour (safe; 1% risk of failure)
Confirm with . or Enter, or press ? or * to list all spells.
You erupt in a blast of force!
The mystic blast hits the +5 glaive of venom but does no damage.
The +5 glaive of venom hits you!
* * * LOW HITPOINT WARNING * * *
The +5 glaive of venom hits you but does no damage.
The +5 glaive of venom hits you.
* * * LOW HITPOINT WARNING * * *
You are poisoned.
You feel better.
The +5 glaive of venom hits you but does no damage.
Throw: throwing net
Press: ? - help, Q - select action, (/) - cycle Shift-Dir - straight line, f/p - +5 glaive of venom
Aim: a +5 glaive of venom (35% to hit)
You throw a throwing net.
The throwing net misses the +5 glaive of venom.
The +5 glaive of venom hits you!
* * * LOW HITPOINT WARNING * * *
You feel better.
The +5 glaive of venom barely misses you.
Your +2 flail of protection goes still.
d - the +5 woodcutter's axe (weapon)
{!f =f} The +5 glaive of venom hits you but does no damage.
You closely miss the +5 glaive of venom.
The +5 glaive of venom hits you!
* * * LOW HITPOINT WARNING * * *
Okay, then.
Unknown command.
Unknown command.
Okay, then.
Okay, then.
Okay, then.
You feel better. The +5 glaive of venom hits you!!
You die...

#......
##........
##..........
##...........
#...(........
#............
###............
##.#............
#.#{#...........
#.####..........
##.# ##..(.?...#
#.## ##......##
##.# ........#
#.## ........e
##.# ..........
#.## ..........
##(# ...........
#♣## ###


You could see a +5 glaive of venom.

Vanquished Creatures
  Gastronok (Lair:1)
  2 deep elf sorcerers (Elf:1)
  An orc warlord (Orc:2)
  Nessos (D:12)
  A minotaur (Gauntlet)
  A dire elephant (Gauntlet)
  Josephine (Lair:3)
  2 hydras
  A merfolk avatar (Lair:5)
  Harold (Orc:1)
  A centaur warrior (D:13)
  A boulder beetle (D:12)
  An ogre mage (Orc:2)
  A catoblepas (Lair:1)
  8 two-headed ogres
  A demonic crawler (Lair:5)
  4 death yaks (Lair:5)
  An orc high priest (Orc:2)
  Urug (Lair:1)
  A deep troll (D:13)
  Amaemon (D:8)
  2 sea snakes (Lair:5)
  3 harpies (Lair:5)
  A deep elf archer (Elf:1)
  2 lindwurms
  7 orc sorcerers
  3 deep elf pyromancers
  2 oklob plants
  3 cyclopes
  A worldbinder (Gauntlet)
  2 manticores
  A rust devil (Gauntlet)
  10 elephants
  3 black mambas
  11 cane toads
  A torpor snail (Lair:5)
  3 gargoyles
  An orange demon (D:8)
  Jeremiah (Lair:1)
  3 rime drakes
  10 komodo dragons
  2 tyrant leeches
  A queen bee (D:11)
  A hornet (D:9)
  Grinder (D:3)
  10 trolls
  5 polar bears
  A wind drake (Lair:5)
  15 blink frogs
  A snapping turtle (Lair:5)
  4 slime creatures (D:13)
  A jumping spider (shapeshifter) (D:13)
  2 shadows
  36 yaks
  A hog (shapeshifter) (D:13)
  A human (D:9)
  5 wyverns
  4 ynoxinuls
  2 steam dragons (Lair:5)
  6 wraiths
  4 vampire mosquitoes (D:13)
  7 basilisks
  7 wargs
  4 swamp worms
  Edmund (D:6)
  4 acid dragons
  5 nagas (Lair:2)
  15 water moccasins
  26 orc warriors
  4 black bears
  2 sky beasts (D:7)
  12 ogres
  12 wolves
  3 boggarts (Gauntlet)
  7 centaurs
  3 phantoms
  A kobold brigand (D:8)
  13 bullfrogs
  An earth elemental (Elf:1)
  5 gnoll sergeants (D:6)
  6 scorpions
  14 wights
  31 killer bees
  4 electric eels
  10 howler monkeys
  5 hounds
  4 jellies (Lair:5)
  2 gnoll boudas (D:6)
  22 orc priests
  An iguana (D:4)
  3 iron imps (Gauntlet)
  2 sleepcaps
  29 orc wizards
  Natasha (thrice) (D:3)
  A mummy (D:4)
  3 gnolls (D:6)
  6 adders
  2 shadow imps
  2 white imps
  7 ufetubi (D:9)
  A worm (D:3)
  A dart slug (shapeshifter) (D:9)
  A dart slug (D:4)
  60 orcs
  10 bats
  9 endoplasms
  A giant cockroach (D:4)
  10 goblins
  A hobgoblin (shapeshifter) (D:9)
  5 hobgoblins
  2 jackals (D:4)
  3 quokkas
  2 ball pythons
  2 frilled lizards
  A goblin skeleton (D:9)
  3 hobgoblin zombies (D:4)
  6 kobolds
  A kobold skeleton (D:9)
  A kobold zombie (D:4)
  6 rats
621 creatures vanquished.

Notes
Turn   | Place    | Note
-------+----------+-------------------------------------------
     0 | D:5      | petzl the Formicid Delver began the quest for the Orb.
     0 | D:5      | Reached XP level 1. HP: 18/18 MP: 1/1
     4 | D:6      | Noticed a hound
    58 | D:6      | Noticed a hound
   117 | D:7      | Noticed a phantom
   129 | D:7      | Noticed a hound
   155 | D:8      | Noticed a killer bee
   552 | D:1      | Reached skill level 1 in Spellcasting
   568 | D:1      | Reached XP level 2. HP: 24/24 MP: 4/4
   724 | D:1      | Reached skill level 2 in Spellcasting
   805 | D:1      | Reached XP level 3. HP: 26/29 MP: 6/6
  1579 | D:2      | Reached skill level 3 in Spellcasting
  1821 | D:2      | Reached XP level 4. HP: 35/35 MP: 8/8
  1910 | D:3      | Noticed Grinder
  2073 | D:3      | Identified 3 scrolls of acquirement
  2073 | D:3      | Acquired the +2 pair of boots "Hej Ato" {Regen+ MP-9 Dex+7
                  | Stlth+}
  2083 | D:3      | Acquired a manual of Spellcasting
  2085 | D:3      | Acquired the +8 frozen axe "Frostbite" {freeze, freezing
                  | cloud, *Noise Fly rC+}
  2085 | D:3      | Found the +8 frozen axe "Frostbite" {freeze, freezing
                  | cloud, *Noise Fly rC+, !f =f}
  2220 | D:3      | Found Isyryfon's General Store.
  2220 | D:3      | Noticed Natasha
  2226 | D:3      | Killed Natasha
  2227 | D:3      | Reached skill level 1 in Ranged Weapons
  2233 | D:3      | Bought a scroll of identify for 28 gold pieces
  2233 | D:3      | Bought a scroll of identify for 28 gold pieces
  2432 | D:3      | Noticed Natasha
  2440 | D:3      | Killed Natasha
  2441 | D:3      | Reached skill level 1 in Axes
  2441 | D:3      | Reached XP level 5. HP: 41/41 MP: 1/10
  2515 | D:3      | Killed Grinder
  2516 | D:3      | Reached skill level 4 in Spellcasting
  2516 | D:3      | Reached XP level 6. HP: 41/48 MP: 1/13
  2595 | D:3      | Noticed Natasha
  2602 | D:3      | Killed Natasha
  2623 | D:3      | Found an ornate altar of the Wu Jian Council.
  2707 | D:4      | Reached XP level 7. HP: 54/54 MP: 5/14
  2830 | D:5      | Reached skill level 5 in Spellcasting
  3606 | D:5      | Reached XP level 8. HP: 54/61 MP: 7/16
  3636 | D:5      | You fall into a shaft and drop 3 floors!
  3645 | D:8      | Noticed Amaemon
  3645 | D:8      | Noticed an orange demon
  3670 | D:7      | Found Ciuplen's Jewellery Boutique.
  3677 | D:7      | You fall into a shaft and drop 3 floors!
  3677 | D:10     | Entered Level 10 of the Dungeon
  3677 | D:10     | Found a shadowy altar of Dithmenos.
  3718 | D:10     | Noticed a shadow
  3721 | D:10     | Found a staircase to the Lair.
  3726 | D:10     | Reached skill level 5 in Fighting
  3726 | D:10     | Reached skill level 1 in Armour
  3740 | D:10     | Reached skill level 6 in Spellcasting
  3741 | D:10     | Killed a shadow
  3742 | D:10     | Reached skill level 5 in Axes
  3804 | D:10     | Noticed a hornet
  3818 | D:10     | Noticed a troll
  3821 | D:10     | Noticed a gargoyle
  3922 | D:9      | Reached XP level 9. HP: 68/68 MP: 8/19
  3967 | D:9      | Noticed a two-headed ogre
  4037 | D:9      | Found the +6 shillelagh "Devastator" {shatter}
  4042 | D:9      | Found a runed translucent door.
  4049 | D:9      | Found a basalt altar of Yredelemnul.
  4064 | D:9      | Reached skill level 7 in Spellcasting
  4091 | D:8      | Identified the +8 rapier of the Bedazzling Gods {flame,
                  | Fragile rPois Int+2 Dex+4}
  4100 | D:8      | Learned a level 1 spell: Magic Dart
  4104 | D:8      | Learned a level 3 spell: Mephitic Cloud
  4109 | D:8      | Learned a level 4 spell: Passage of Golubria
  4159 | D:8      | Reached skill level 1 in Poison Magic
  4188 | D:8      | You fall into a shaft and drop 2 floors!
  4212 | D:10     | Noticed a komodo dragon
  4252 | D:10     | Reached skill level 1 in Conjurations
  4252 | D:10     | Reached skill level 1 in Air Magic
  4336 | D:9      | You fall into a shaft and drop 2 floors!
  4428 | D:10     | Noticed a komodo dragon
  4434 | D:10     | Noticed a gargoyle
  4468 | D:9      | You fall into a shaft and drop 1 floor!
  4556 | D:10     | Noticed a troll
  4589 | D:9      | Found a shimmering altar of Xom.
  4589 | D:9      | Found a shimmering altar of Xom.
  4589 | D:9      | Found a shimmering altar of Xom.
  4590 | D:9      | Found a shimmering altar of Xom.
  4591 | D:9      | Found a shimmering altar of Xom.
  4591 | D:9      | Found a shimmering altar of Xom.
  4591 | D:9      | Found a shimmering altar of Xom.
  4591 | D:9      | Found a shimmering altar of Xom.
  4608 | D:8      | Reached skill level 8 in Spellcasting
  4637 | D:8      | Found a stormy altar of Qazlal.
  4731 | D:8      | Reached skill level 1 in Translocations
  4910 | D:7      | Found a hide-covered altar of Uskayaw.
  4980 | D:7      | Found a white marble altar of Elyvilon.
  5022 | D:7      | Found a staircase to the Ecumenical Temple.
  5029 | Temple   | Entered the Ecumenical Temple
  5111 | D:7      | Reached XP level 10. HP: 63/69 MP: 13/22
  5145 | D:7      | Identified the +1 plate armour of Indecent Exposure {Harm
                  | rCorr Dex-2 Slay+6}
  5390 | D:6      | Reached skill level 5 in Poison Magic
  5580 | D:6      | Noticed Edmund
  5588 | D:6      | Killed Edmund
  5805 | D:6      | You fall into a shaft and drop 1 floor!
  6091 | D:6      | Identified the +8 hand axe of Propriety {drain, Drain
                  | Fragile rF+++ rC+++}
  6098 | D:6      | Identified the +9 hand axe of Katoblio {freeze, Drain SInv
                  | Stlth+}
  6315 | D:5      | Found a radiant altar of Vehumet.
  6324 | D:5      | Became a worshipper of Vehumet
  6445 | D:5      | Found a bloodstained altar of Trog.
  6743 | D:7      | Found a blossoming altar of Fedhas.
  6885 | D:8      | Killed an orange demon
  6977 | D:7      | You fall into a shaft and drop 1 floor!
  6995 | D:8      | Killed Amaemon
  6996 | D:8      | Reached XP level 11. HP: 73/79 MP: 12/23
  7011 | D:7      | Bought the ring "Romij" {Wiz Will+} for 511 gold pieces
  7126 | D:8      | Found a broken altar of Ashenzari.
  7166 | D:8      | Reached skill level 5 in Maces & Flails
  7176 | D:8      | Reached * piety under Vehumet
  7176 | D:8      | Offered knowledge of Shock by Vehumet.
  7276 | D:9      | Reached skill level 1 in Shields
  7300 | D:9      | Reached skill level 5 in Translocations
  7536 | D:9      | Killed a two-headed ogre
  7632 | D:9      | Found a burning altar of Makhleb.
  7632 | D:9      | Noticed a green death
  7709 | D:9      | Reached ** piety under Vehumet
  7709 | D:9      | Offered knowledge of Sandblast by Vehumet.
  7815 | D:9      | Found a shimmering altar of Xom.
  8088 | D:9      | Reached skill level 5 in Conjurations
  8301 | D:11     | Reached skill level 5 in Ranged Weapons
  8524 | D:10     | Found an opulent altar of Gozag.
  8611 | D:10     | Reached skill level 9 in Spellcasting
  8658 | D:10     | Found a hazy altar of Hepliaklqana.
  8892 | D:11     | Reached XP level 12. HP: 86/86 MP: 16/25
  8972 | D:12     | Noticed a two-headed ogre
  8977 | D:12     | Killed a two-headed ogre
  8983 | D:12     | Identified the +8 trident "Worm" {spect, Will+}
  9610 | D:12     | Noticed Nessos
  9657 | D:11     | Offered knowledge of Searing Ray by Vehumet.
 10034 | D:12     | Found a staircase to the Orcish Mines.
 10046 | D:12     | Reached *** piety under Vehumet
 10055 | D:12     | Found a broken altar of Ashenzari.
 10153 | D:12     | Reached skill level 1 in Ice Magic
 10340 | D:12     | Noticed a boulder beetle
 10360 | D:12     | Killed a boulder beetle
 10743 | D:12     | Killed Nessos
 10744 | D:12     | Reached skill level 5 in Shields
 10867 | D:12     | Noticed Jorgrun
 11289 | D:13     | Learned a level 5 spell: Freezing Cloud
 11293 | D:13     | Learned a level 3 spell: Ignite Poison
 11313 | D:13     | Noticed a centaur warrior
 11509 | D:13     | Reached skill level 10 in Spellcasting
 11509 | D:13     | Reached skill level 1 in Evocations
 11563 | D:13     | Reached skill level 5 in Dodging
 11564 | D:13     | Reached XP level 13. HP: 93/93 MP: 15/27
 11600 | D:13     | Offered knowledge of Dazzling Flash by Vehumet.
 11842 | D:13     | Found a gate to the Vaults.
 12066 | D:13     | Killed a centaur warrior
 12242 | Lair:1   | Entered Level 1 of the Lair of Beasts
 12244 | Lair:1   | Noticed Urug
 12286 | Lair:1   | Killed Urug
 12326 | Lair:1   | Noticed Jeremiah
 12332 | Lair:1   | Killed Jeremiah
 12351 | Lair:1   | Reached **** piety under Vehumet
 12389 | Lair:1   | Found an ancient bone altar of Kikubaaqudgha.
 12500 | Lair:1   | Noticed Gastronok
 12507 | Lair:1   | Killed Gastronok
 12607 | Lair:1   | Noticed a catoblepas
 12631 | Lair:1   | Offered knowledge of Airstrike by Vehumet.
 12638 | Lair:1   | Killed a catoblepas
 13176 | Lair:2   | Found a staircase to the Snake Pit.
 13314 | Lair:2   | Reached skill level 11 in Spellcasting
 13353 | Lair:2   | Reached skill level 5 in Ice Magic
 13380 | Lair:2   | Reached XP level 14. HP: 103/103 MP: 20/29
 13397 | Lair:2   | Reached ***** piety under Vehumet
 13397 | Lair:2   | Offered knowledge of Ozocubu's Refrigeration by Vehumet.
 13527 | Lair:2   | Found a staircase to the Swamp.
 14036 | Lair:3   | Reached skill level 5 in Armour
 14036 | Lair:3   | Reached skill level 5 in Air Magic
 14124 | Lair:3   | Noticed Josephine
 14131 | Lair:3   | Killed Josephine
 14193 | Lair:3   | Found a blossoming altar of Fedhas.
 15059 | Lair:4   | Found a gate leading to a gauntlet.
 15235 | Gauntlet | Entered a Gauntlet
 15235 | Gauntlet | Found a transporter.
 15235 | Gauntlet | Found a transporter.
 15235 | Gauntlet | Found a transporter.
 15235 | Gauntlet | Found a transporter.
 15256 | Gauntlet | Found a transporter.
 15268 | Gauntlet | Found a transporter.
 15270 | Gauntlet | Found a transporter.
 15280 | Gauntlet | Found a transporter.
 15301 | Gauntlet | Found a transporter.
 15305 | Gauntlet | Noticed a dire elephant
 15307 | Gauntlet | Found a transporter.
 15310 | Gauntlet | Found a transporter.
 15324 | Gauntlet | Found a transporter.
 15544 | Gauntlet | Killed a dire elephant
 15576 | Gauntlet | Noticed a minotaur
 15624 | Gauntlet | Killed a minotaur
 15654 | Gauntlet | Got a dusty book
 16208 | Lair:4   | Offered knowledge of Brom's Barrelling Boulder by Vehumet.
 16637 | Lair:5   | Entered Level 5 of the Lair of Beasts
 16821 | Lair:5   | Reached skill level 12 in Spellcasting
 16851 | Lair:5   | Reached XP level 15. HP: 110/110 MP: 22/31
 16925 | Lair:5   | Reached skill level 1 in Fire Magic
 16934 | Lair:5   | Reached skill level 1 in Transmutations
 17191 | Lair:5   | Found a staircase to the Slime Pits.
 17454 | Lair:5   | Identified the +6 plate armour "Xiff" {rCorr}
 17456 | Lair:5   | Got a moth-eaten book
 17462 | Lair:5   | Learned a level 4 spell: Sticky Flame
 18082 | D:14     | Learned a level 3 spell: Ozocubu's Armour
 18126 | Orc:1    | Entered Level 1 of the Orcish Mines
 18228 | Orc:1    | Reached skill level 10 in Translocations
 18600 | Orc:2    | Entered Level 2 of the Orcish Mines
 18688 | Orc:2    | Found a staircase to the Elven Halls.
 18701 | Orc:2    | Noticed an orc warlord
 18726 | Orc:2    | Killed an orc warlord
 18764 | Orc:2    | Offered knowledge of Lee's Rapid Deconstruction by Vehumet.
 18866 | Orc:2    | Found Ynuevut's Jewellery Shop.
 18913 | Orc:2    | Found Guef's Book Shoppe.
 18913 | Orc:2    | Found Pinacya's Distillery.
 18913 | Orc:2    | Found Nobb's Distillery.
 18957 | Orc:2    | Found Wemafrunn's Weapon Emporium.
 18960 | Orc:2    | Bought a potion of heal wounds for 85 gold pieces
 18962 | Orc:2    | Bought a book of the Hunter for 432 gold pieces
 18962 | Orc:2    | Bought the Folio of Despicable Secrets and the Arsonist for
                  | 576 gold pieces
 18967 | Orc:2    | Learned a level 4 spell: Iskenderun's Mystic Blast
 18973 | Orc:2    | Learned a level 5 spell: Fireball
 19242 | Orc:2    | Offered knowledge of Iskenderun's Battlesphere by Vehumet.
 19631 | Orc:2    | Bought a potion of mutation for 136 gold pieces
 19631 | Orc:2    | Bought 2 potions of magic for 272 gold pieces
 19657 | Orc:1    | Noticed Harold
 19662 | Orc:1    | Killed Harold
 19663 | Orc:1    | Reached XP level 16. HP: 119/119 MP: 17/32
 19760 | Elf:1    | Entered Level 1 of the Elven Halls
 19760 | Elf:1    | Noticed a deep elf sorcerer
 19760 | Elf:1    | Noticed a deep elf sorcerer
 19760 | Elf:1    | Found a runed translucent gate.
 19760 | Elf:1    | Found a runed translucent gate.
 19760 | Elf:1    | Found a runed translucent gate.
 19760 | Elf:1    | Found a runed translucent gate.
 19760 | Elf:1    | Found a runed translucent gate.
 19760 | Elf:1    | Found a runed translucent gate.
 19761 | Elf:1    | Found a runed translucent door.
 19765 | Elf:1    | Killed a deep elf sorcerer
 19767 | Elf:1    | Killed a deep elf sorcerer
 19896 | Elf:1    | You fall into a shaft and drop 1 floor!
 19896 | Elf:2    | Noticed a deep elf blademaster
 19899 | Elf:2    | You fall into a shaft and drop 1 floor!
 19899 | Elf:3    | Entered Level 3 of the Elven Halls
 19938 | Elf:3    | HP: 1/123 [+5 glaive of venom (16)]
 19939 | Elf:3    | Mangled by a +5 glaive of venom

Illustrated notes

Levels and vault maps discovered:
D:1:      roderic_dead_forest, layout_loops_ring, due_unseen_surprise
D:2:      layout_loops_ring
D:3:      layout_loops_ring, pdpol_wu_jian_five_deadly_venoms, serial_shops,
          nicolae_diamond_shop, uniq_grinder, uniq_natasha
D:4:      layout_basic, minmay_mini_ossuary
D:5:      layout_rooms, fiery_altar_vehumet, lightli_temple_of_fire
D:6:      minmay_spotlight, layout_basic, pf_guarded_unrand_woodcutter,
          uniq_edmund
D:7:      layout_loops_ring, fedhas_ov_isle_minmay, elyvilon_altar_4,
          amcnicky_altar_gilded, minmay_temple_entry_arrows, serial_shops,
          nicolae_take_the_stairs
D:8:      layout_basic, mainiacjoe_overflow_alcove_4,
          nicolae_qazlal_style_of_elements, uniq_amaemon
D:9:      layout_loops_cross, dk_yredelemnul_ordeal, xom_shifter_show,
          makhleb_altar_promises_db, nicolae_fort_ynox
D:10:     layout_cave_pools, nicolae_gozag_cash_rules_everything_around_me,
          due_lair_maze_entry_diamond, hangedman_feature_mirror
D:11:     layout_stronghold, nicolae_looking_at_the_future
D:12:     layout_basic, minmay_orc_entry_guard_dogs, evilmike_ruin_ashenzari,
          uniq_jorgrun, uniq_nessos
D:13:     layout_roguey, david_vaults_4
D:14:     layout_stronghold, kennysheep_cross_room, jiyva_altar_1, uniq_frances
Temple:   cyrus_temple_forest
Lair:1:   layout_regular_city, basic_altar, dpeg_stationary_puzzle,
          serial_bayou_shore_a, serial_bayou_shore_b,
          infiniplex_staircase_pool_2, grunt_megastairs_3, uniq_urug,
          uniq_jeremiah, uniq_gastronok
Lair:2:   layout_regular_city, minmay_swamp_entry_worms,
          minmay_snake_entry_guardpost_medium
Lair:3:   layout_long_grid, basic_altar, st_stairs_10, uniq_josephine
Lair:4:   layout_cave_pods, gauntlet_entry_generic, roderic_batcave
Lair:5:   gammafunk_lair_ancient_temple, layout_big_grid,
          nicolae_slime_entry_slimehenge, minmay_lair_oklob_bushes,
          minivault_27, worms_lemuel
Orc:1:    layout_diamond_mine, basic_altar, uniq_harold
Orc:2:    st_orc_mages, layout_caves, minmay_shop_enchanted_jewellery,
          nicolae_orc_stony_grotto
Elf:1:    nicolae_elf_arrival_dilemma, layout_loops_cross,
          kennysheep_underground_church
Elf:2:    nicolae_elf_blades_crystal_corner, layout_loops_corners
Elf:3:    minmay_elf_hall_curves, layout_gridlike, hellmonk_ghost_big_iron

Skill      XL: |  1  2  3  4  5  6  7  8  9 10 11 12 13 14 15 16 |
---------------+-------------------------------------------------+-----
Spellcasting   | 1 2 3 4 5 6 8 9 10 11 12 | 12.8
Ranged Weapons | 1 2 3 4 5 |  5.0
Axes           | 1 2 3 4 5 6 |  6.1
Fighting       | 4 5 6 7 8 |  8.9
Armour         | 2 3 4 5 6 |  6.8
Dodging        | 2 3 4 5 |  5.7
Poison Magic   | 4 6 |  6.0
Conjurations   | 2 4 5 6 7 8 9 |  9.6
Air Magic      | 2 4 5 6 |  6.1
Translocations | 1 4 6 7 8 9 10 | 10.3
Maces & Flails | 4 5 6 |  6.8
Shields        | 3 5 6 8 9 |  9.1
Stealth        | 7 8 |  8.9
Ice Magic      | 2 5 6 |  6.3
Evocations     | 1 2 |  2.0
Fire Magic     | 2 |  2.7
Transmutations | 2 3 |  3.0

Action                     |  1- 3 |  4- 6 |  7- 9 | 10-12 | 13-15 | 16-18 || total
---------------------------+-------+-------+-------+-------+-------+-------++-------
  Melee: Mace              |    87 |    18 |       |       |       |       ||   105
         Punch             |     1 |       |     2 |     2 |     1 |       ||     6
         Executioner's axe |       |    16 |    71 |    31 |    27 |       ||   145
         Shillelagh        |       |       |    44 |   303 |    99 |     4 ||   450
         Battleaxe         |       |       |       |    13 |       |     1 ||    14
         Demon whip        |       |       |       |     1 |       |       ||     1
         Flail             |       |       |       |       |       |     4 ||     4
         Trident           |       |       |       |       |       |     2 ||     2
   Fire: Sling             |       |    30 |    30 |       |       |       ||    60
         Orcbow            |       |       |    12 |    62 |       |       ||    74
         Longbow           |       |       |       |    15 |   452 |     7 ||   474
  Throw: Stone             |     5 |       |       |       |       |       ||     5
         Boomerang         |     4 |       |     1 |       |       |       ||     5
         Dart              |       |       |       |       |    12 |       ||    12
         Throwing net      |       |       |       |       |       |     1 ||     1
   Cast: Mephitic Cloud    |       |       |       |    36 |     4 |       ||    40
         Freezing Cloud    |       |       |       |     9 |   181 |     4 ||   194
         Magic Dart        |       |       |       |     1 |       |       ||     1
         Ignite Poison     |       |       |       |       |     3 |       ||     3
         Ozocubu's Armour  |       |       |       |       |     2 |     2 ||     4
         Iskenderun's Myst |       |       |       |       |     1 |     6 ||     7
         Sticky Flame      |       |       |       |       |     1 |       ||     1
Ability: Dig               |     1 |       |     1 |     3 |     3 |     2 ||    10
         Shaft Self        |       |       |     5 |     2 |       |     2 ||     9
  Evoke: Wand              |       |       |     3 |     7 |     4 |       ||    14
         Lightning rod     |       |       |       |       |       |     1 ||     1
         Phantom mirror    |       |       |       |       |       |     1 ||     1
    Use: Scroll            |     1 |     8 |     2 |     8 |     4 |       ||    23
         Potion            |       |       |     2 |     8 |     1 |    14 ||    25
   Stab: Sleeping          |     8 |     2 |     4 |     9 |     1 |       ||    24
         Distracted        |       |       |     1 |     2 |       |       ||     3
         Confused          |       |       |       |    10 |     1 |       ||    11
         Petrified         |       |       |       |       |     2 |       ||     2
         Petrifying        |       |       |       |       |     1 |       ||     1
 Armour: Ring mail         |    44 |    24 |   167 |   164 |       |       ||   399
         Leather armour    |     2 |       |       |       |       |       ||     2
         Troll leather arm |       |       |       |    64 |   159 |       ||   223
         Robe              |       |       |       |       |    20 |    26 ||    46
         Skin              |       |       |       |       |       |    23 ||    23
  Dodge: Dodged            |    56 |    21 |   148 |   358 |   293 |    15 ||   891

Table legend: (Time is in decaauts)
 A = Elapsed time spent in this place.
 B = Non-inter-level travel time spent in this place.
 C = Inter-level travel time spent in this place.
 D = Time resting spent in this place.
 E = Time spent auto-exploring this place.
 F = Levels seen in this place.
 G = Mean time per level.
                   A        B        C        D        E       F      G
               +--------+--------+--------+--------+--------+-----+--------+
         Total |  20341 |  18660 |   1681 |   1328 |  10221 |  26 |  782.3 |
       Dungeon |  12589 |  11493 |   1096 |    936 |   6029 |  14 |  899.2 |
        Temple |     40 |     20 |     20 |      0 |      0 |   1 |   40.0 |
          Lair |   5386 |   4938 |    448 |    322 |   3207 |   5 | 1077.2 |
  Orcish Mines |   1724 |   1607 |    117 |     66 |    852 |   2 |  862.0 |
   Elven Halls |    172 |    172 |      0 |      0 |      2 |   3 |   57.3 |
      Gauntlet |    427 |    427 |      0 |      3 |    131 |   1 |  427.0 |
               +--------+--------+--------+--------+--------+-----+--------+

Top non-repeatable levels by time:
    D:11: 1381 daAuts
  Lair:4: 1327 daAuts
    D:12: 1284 daAuts
     D:9: 1215 daAuts
  Lair:5: 1166 daAuts
    D:10: 1144 daAuts
   Orc:2: 1115 daAuts
  Lair:3: 1065 daAuts
     D:4: 1035 daAuts
  Lair:2: 977 daAuts
     D:7: 976 daAuts
    D:13: 965 daAuts
     D:6: 949 daAuts
     D:3: 886 daAuts
  Lair:1: 849 daAuts
